AoeStats
← Griff

Arabia

503285387Analyzed
1v1 RM · 3mo ago on Aug 31, 2026· 54m 25s· 2 players
Game mode
Random Map
Map size
Tiny (2 player)
Population
200
Speed
Normal
Resources
Standard
Victory
Conquest
Starting age
Dark Age
Ending age
Imperial Age
RankedLock teamsTeams togetherTeam positionsShared explorationLock speedFull tech treeHidden civsTurbo modeCheats
Victory
Defeat
🇧🇷 Hindustanis · Brazil
1492
+20
vs
🇦🇷 Tatars · Argentina
1571
-20
Griff
6:21 Loom
8:57 Feudal Age
9:32 Double-Bit Axe
12:32 Horse Collar
19:08 Wheelbarrow
19:28 Gold Mining
23:47 Castle Age
24:21 Bloodlines
24:18 Scale Barding Armor
25:11 Husbandry
26:27 Forging
28:50 Scale Mail Armor
29:17 Chain Barding Armor
29:32 Heavy Plow
29:55 Fletching
29:44 Elite Skirmisher
34:08 Padded Archer Armor
38:26 Bodkin Arrow
43:58 Ballistics
49:51 Imperial Age
49:56 Heavy Camel Rider
52:09 Plate Barding Armor
54:29 Iron Casting
EiM | pelo de huevo
6:02 Loom
9:06 Feudal Age
10:08 Double-Bit Axe
17:24 Scale Barding Armor
21:42 Castle Age
20:30 Bloodlines
20:45 Gold Mining
21:08 Fletching
22:28 Bodkin Arrow
24:18 Padded Archer Armor
30:31 Wheelbarrow
30:33 Husbandry
31:57 Ballistics
34:24 Scale Barding Armor
34:30 Forging
36:00 Chain Barding Armor
36:50 Iron Casting
42:34 Hand Cart
46:59 Imperial Age
47:05 Imperial Age
48:06 Bracer
47:36 Heavy Camel Rider
49:52 Bow Saw
51:36 Plate Barding Armor
51:25 Light Cavalry
53:52 Blast Furnace
Connection lost

Rejoining the realm…

Still unreachable

The connection could not be restored.

Session expired

The server has moved on; the page needs a fresh start.